 Dungeon Crawl Stone Soup version 0.11.3 (console) character file.

631 Lightli the Slasher (level 6, -5/48 HPs)
             Began as a Demigod Stalker on June 22, 2022.
             Slain by Pikel
             ... wielding a +0,+1 whip of electrocution
              (7 damage)
             ... on Level 4 of the Dungeon.
             The game lasted 00:12:37 (5760 turns).

Lightli the Slasher (Demigod Stalker)               Turns: 5760, Time: 00:12:37

HP  -5/48        AC 11     Str 18      XL: 6   Next: 72%
MP  12/12        EV 11     Int 16      God:
Gold 127         SH  0     Dex 24      Spells:  1 memorised,  6 levels left

Res.Fire  : + . .   See Invis. : .   a - +2,+0 falchion
Res.Cold  : + . .   Warding    : .   n - +0 splint mail
Life Prot.: . . .   Conserve   : .   (no shield)
Res.Poison: +       Res.Corr.  : .   (no helmet)
Res.Elec. : +       Clarity    : .   b - +0 cloak
Sust.Abil.: . .     Spirit.Shd : .   (no gloves)
Res.Mut.  : .       Stasis     : .   (no boots)
Res.Rott. : .       Ctrl.Telep.: .   (no amulet)
Saprovore : . . .   Levitation : .   (no ring) Ctrl.Flight: .
                                     (no ring)

@: agile, slow, slightly resistant to hostile enchantments, extremely unstealthy
A: slowness 1, AC +1, Dex +2
a: no special abilities


You were on level 4 of the Dungeon.
You were not hungry.

You visited 1 branch of the dungeon, and saw 5 of its levels.

You collected 107 gold pieces.

Inventory:

Hand weapons
 a - a +2,+0 falchion (weapon)
 u - a +0 elven blowgun
Missiles
 v - 4 poisoned needles
Armour
 b - a +0 cloak (worn)
 i - a +0 buckler
 m - a +1 robe of the Archmagi
 n - a +0 splint mail (worn)
Comestibles
 f - 3 bread rations
 l - a choko
 r - a meat ration
 x - a slice of pizza
Scrolls
 g - a scroll of remove curse
 o - a scroll of amnesia
Jewellery
 s - an uncursed ring of fire
Potions
 c - a potion of curing {unknown}
 e - 4 potions of confusion
 h - 2 potions of poison
 j - a potion of brilliance
 k - a potion of resistance
 q - a potion of paralysis
Books
 d - a book of Stalking

   Spells                             Type                      Level
   *Fulsome Distillation              Transmutation/Necromancy     1
   Evaporate                          Fire/Transmutation           2
   Passwall                           Transmutation/Earth          3
   Petrify                            Transmutation/Earth          4
   Dig                                Transmutation/Earth          4


   Skills:
 - Level 2.3 Fighting
   Level 0.8 Short Blades
 + Level 5.0 Long Blades
 - Level 3.4 Armour
 - Level 1.7 Dodging
 - Level 1.7 Stealth
 - Level 1.7 Stabbing
 - Level 1.0 Spellcasting
 - Level 1.7 Transmutations


You had 6 spell levels left.
You knew the following spells:

 Your Spells              Type           Power        Failure   Level  Hunger
a - Fulsome Distillation  Trmt/Necr      N/A          100%        1    ##.....


Dungeon Overview and Level Annotations

Branches:
Dungeon (5/27)
 Temple: D:4-7

Annotations
D:3 Grinder; Lightli's ghost, weakling DESt
D:4 Pikel
D:5 Ijyb


Innate Abilities, Weirdness & Mutations

You are partially covered in molten scales (AC +1).
You are agile (Dex +2).
You cover ground slowly.


Message History

Pikel cracks his whip.
Pikel barely misses you.
You hit Pikel but do no damage.
Pikel is heavily wounded.
Pikel hits you with a whip of electrocution.
* * * LOW HITPOINT WARNING * * *
You hit Pikel but do no damage.
Pikel is heavily wounded.
Pikel hits you with a whip of electrocution!
* * * LOW HITPOINT WARNING * * *
Drink which item? (? for menu, Esc to quit)
Okay, then.
You aren't carrying any items that can be evoked.
Unknown command.
Read which item? (? for menu, Esc to quit)
Okay, then.
You hit Pikel.
Pikel is heavily wounded.
Pikel hits you with a whip of electrocution!
You die...

#.##.# #.#.#.#......<..###......
#.##.####.#.#.#.........# #......
#.##......#.#.#..##''##.# #......
#.#########.#.#..#≈≈≈≈#.###.(....
#.# #.#.#..#≈8>≈#...#...... #.#
#.#.##.#≈_.≈#...#......
#.#########.#.##.#≈≈≈≈#...#......
............#..K.######...#######
#.##############@.........#
#.############............#
#.#.........##.#####.######
#.#.........##.# ###'#####
..#.........##.# #.......#
###.........##.# #.(.....#
#.........##.###.......#
###.........##...........#
..'.........#####.##'#####


You could see Pikel.

Vanquished Creatures
  A slave (D:4)
  A giant frog (D:4)
  A hound skeleton (D:4)
  An iguana (D:4)
  An orc wizard (D:4)
  3 worker ants
  A worker ant zombie (D:2)
  A scorpion (D:4)
  8 adders
  An iguana zombie (D:2)
  2 scorpion zombies (D:2)
  An adder skeleton (D:2)
  A giant mite (D:4)
  5 giant geckos
  An ooze (D:1)
  12 orcs (D:4)
  6 giant cockroaches
  13 goblins
  13 hobgoblins
  7 kobolds
  3 quokkas
  3 ball pythons
  10 bats
  A giant gecko skeleton (D:4)
  A giant gecko zombie (D:2)
  3 giant newts
  15 jackals
  2 kobold skeletons (D:2)
  2 orc skeletons
  8 rats
  A rat skeleton (D:2)
129 creatures vanquished.

Vanquished Creatures (others)
  A jackal (D:3)
  A rat (D:2)
  2 toadstools (D:4)
4 creatures vanquished.

Grand Total: 133 creatures vanquished

Notes
Turn   | Place    | Note
--------------------------------------------------------------
     0 | D:1      | Lightli, the Demigod Stalker, began the quest for the Orb.
     0 | D:1      | Reached XP level 1. HP: 16/16 MP: 3/3
    30 | D:1      | Reached skill level 1 in Fighting
   455 | D:1      | Reached skill level 2 in Fighting
   455 | D:1      | Reached XP level 2. HP: 17/23 MP: 4/4
   858 | D:1      | Reached skill level 1 in Armour
  1154 | D:2      | Reached XP level 3. HP: 24/28 MP: 6/6
  1304 | D:1      | HP: 1/28 [poisoned by an adder]
  1753 | D:2      | Reached XP level 4. HP: 23/36 MP: 9/9
  1800 | D:2      | Reached skill level 3 in Armour
  2378 | D:2      | Reached skill level 1 in Long Blades
  2579 | D:3      | Noticed Lightli's ghost (weakling DESt)
  2753 | D:3      | Reached XP level 5. HP: 38/41 MP: 10/10
  3017 | D:3      | Noticed Grinder
  3125 | D:4      | HP: 1/41 [orc (2)]
  3688 | D:4      | Gained mutation: You are agile (Dex +1). [potion of gain dexterity]
  3929 | D:4      | Found a shimmering altar of Xom.
  4123 | D:4      | Reached XP level 6. HP: 3/48 MP: 12/12
  4552 | D:4      | Reached skill level 4 in Long Blades
  5356 | D:5      | Entered Level 5 of the Dungeon
  5356 | D:5      | Noticed Pikel
  5645 | D:5      | Reached skill level 5 in Long Blades
  5681 | D:5      | Noticed a manticore
  5705 | D:5      | Noticed Ijyb
  5738 | D:4      | Gained mutation: You are agile (Dex +2). [potion of mutation]
  5738 | D:4      | Gained mutation: You cover ground slowly. [potion of mutation]
  5738 | D:4      | Gained mutation: You are partially covered in molten scales (AC +1). [potion of mutation]
  5759 | D:4      | HP: 1/48 [Pikel/whip of electrocution (7)]
  5760 | D:4      | Slain by Pikel
